 Dungeon Crawl Stone Soup version 0.17-a0-737-gf0a300a (webtiles) character file.

447 Ngotmuk the Chopper (level 6, 0/57 HPs)
             Began as a Deep Dwarf Fighter on Apr 28, 2015.
             Slain by an ogre
             ... wielding a +0 giant club
              (12 damage)
             ... on level 5 of the Dungeon.
             The game lasted 00:10:20 (2495 turns).

Ngotmuk the Chopper (Deep Dwarf Fighter)            Turns: 2495, Time: 00:10:21

Health: 0/57       AC:  9    Str: 22    XL:     6   Next: 73%
Magic:  6/6        EV:  8    Int:  8    God:
Gold:   211        SH: 10    Dex: 12    Spells: 0 memorised, 5 levels left

rFire  + . .     SeeInvis .     y - +0 broad axe
rCold  . . .     Clarity  .     b - +0 scale mail
rNeg   . . .     SustAb   .     c - +0 shield
rPois  .         Gourm    .     t - +0 helmet
rElec  .         Spirit   .     h - +0 cloak
rCorr  .         Warding  .     (no gloves)
rMut   .         Stasis   .     (no boots)
MR     .....                    (no amulet)
Stlth  ..........               s - ring of protection from fire
                                q - +3 ring of slaying

@: non-regenerating, not resistant to hostile enchantments, extremely unstealthy
A: damage resistance, recharge devices, sense surroundings 1, slow healing 3
a: Device Recharging


You were on level 5 of the Dungeon.
You were not hungry.

You visited 1 branch of the dungeon, and saw 5 of its levels.

You collected 211 gold pieces.

Inventory:

Hand weapons
 y - a +0 broad axe (weapon)
Armour
 b - a +0 scale mail (worn)
 c - a +0 shield (worn)
 h - a +0 cloak (worn)
 t - a +0 helmet (worn)
Jewellery
 q - a +3 ring of slaying (left hand)
 s - a ring of protection from fire (right hand)
Magical devices
 a - a wand of enslavement (15)
 e - a wand of heal wounds (2)
 r - a wand of hasting (2)
Scrolls
 j - a scroll of enchant weapon {unknown}
 l - a scroll of remove curse {unknown}
 p - 2 scrolls of enchant armour {unknown}
 w - 4 scrolls of identify {unknown}
Potions
 d - a potion of might
 g - a potion of agility {unknown}
 i - 2 potions of haste {unknown}
 k - a potion of brilliance {unknown}
 m - a potion of restore abilities {unknown}
 o - a potion of flight {unknown}
 x - a potion of heal wounds {unknown}
Comestibles
 n - 6 meat rations
 u - 4 fruits


   Skills:
 * Level 4.2 Fighting
 * Level 4.7 Axes
 + Level 4.3 Armour
 + Level 2.5 Dodging
 + Level 4.4 Shields


You had 5 spell levels left.
You didn't know any spells.

Dungeon Overview and Level Annotations

Branches:
Dungeon (5/15)
 Temple: D:4-7

Altars:
Cheibriados
Okawaru
Qazlal
Zin


Innate Abilities, Weirdness & Mutations

You are resistant to damage.
You can recharge devices by infusing magical energy.
You passively map a small area around you.
You do not heal naturally.


Message History

The ogre hits you with a giant club!
You hit the orc priest.
The orc priest is almost dead.
Your shield and scale mail prevent you from hitting the ogre.
The ogre is lightly wounded.
The orc priest mumbles some strange prayers to Beogh against you.
You resist with significant effort.
The orc wizard gestures wildly while chanting.
The orc wizard flickers and vanishes!
Deactivating autopickup; reactivate with Ctrl-A.
The orc priest glows brightly for a moment.
The ogre hits you with a giant club!
* * * LOW HITPOINT WARNING * * *
The orc priest hits you but does no damage.
You hit the orc priest.
You kill the orc priest!
You slash the ogre!
The ogre is severely wounded.
The ogre hits you with a giant club!
You die...

#..#.# #... ,, ,
#..#.# #..## ,
#....# #.... ,
#.#..# #.... , ,
#.#..### ..# * , ,
, #......# #..# #
###....# ##...#.##
#.)...####.......#
*
#...†....@)....#..,
#.....###Oo......#
* ##....#
#o..(.>..o , ,
#.##.# .#.##.(..# ,
, #.##.#.###. ..(.<
#.##.##, ## #.#
#..... ,, . . ### >
*,


You could see an ogre, an orc priest and an orc wizard.

Vanquished Creatures
  2 ogres
  A scorpion (D:5)
  A hound (D:5)
  An orc priest (D:5)
  Robin (D:2)
  5 adders
  A gnoll (D:1)
  An ooze (D:3)
  2 worms (D:2)
  8 giant geckos
  5 orcs
  2 bat skeletons
  A giant cockroach (D:3)
  11 goblins
  14 hobgoblins
  A quokka (D:5)
  2 ball pythons
  18 bats
  4 giant newts
  5 jackals
  4 kobolds
  15 rats
105 creatures vanquished.

Notes
Turn   | Place    | Note
--------------------------------------------------------------
     0 | D:1      | Ngotmuk, the Deep Dwarf Fighter, began the quest for the Orb.
     0 | D:1      | Reached XP level 1. HP: 20/20 MP: 1/1
   236 | D:1      | Reached XP level 2. HP: 25/27 MP: 2/2
   531 | D:1      | Reached XP level 3. HP: 21/34 MP: 3/3
  1047 | D:2      | Reached skill level 1 in Dodging
  1047 | D:2      | Reached XP level 4. HP: 8/42 MP: 4/4
  1080 | D:2      | Noticed Robin
  1091 | D:2      | Killed Robin
  1662 | D:3      | Reached XP level 5. HP: 44/49 MP: 5/5
  1851 | D:4      | Found a snail-covered altar of Cheibriados.
  1860 | D:4      | Noticed an ogre
  1867 | D:4      | Killed an ogre
  1867 | D:4      | Reached skill level 4 in Axes
  1899 | D:4      | Found an iron altar of Okawaru.
  2173 | D:4      | Noticed a phantom
  2174 | D:4      | Noticed a hippogriff
  2213 | D:5      | Entered Level 5 of the Dungeon
  2261 | D:5      | Found a stormy altar of Qazlal.
  2327 | D:5      | Found a glowing silver altar of Zin.
  2355 | D:5      | Reached XP level 6. HP: 35/57 MP: 6/6
  2468 | D:5      | Noticed an ogre
  2475 | D:5      | Killed an ogre
  2483 | D:5      | Noticed an ogre
  2495 | D:5      | Slain by an ogre

Action                   |  1- 3 |  4- 6 || total
-------------------------+-------+-------++-------
Melee: War axe           |   124 |    90 ||   214
       Broad axe         |       |    64 ||    64
Throw: Javelin           |     4 |    16 ||    20
       Tomahawk          |       |     7 ||     7
Evoke: Wand              |       |     3 ||     3
  Eat: Bread ration      |       |     2 ||     2
